AoeStats
← 小 孩

Arabia

503731739Analyzed
1v1 RM · 1mo ago on Sep 2, 2026· 31m 59s· 2 players
Game mode
Random Map
Map size
Tiny (2 player)
Population
200
Speed
Normal
Resources
Standard
Victory
Conquest
Starting age
Dark Age
Ending age
Imperial Age
RankedLock teamsTeams togetherTeam positionsShared explorationLock speedFull tech treeHidden civsTurbo modeCheats
Victory
Defeat
🇦🇷 Italians · Argentina
1113
+14
🇦🇷 Burgundians · Argentina
1078
-14
小 孩
6:47 Loom
9:22 Feudal Age
9:55 Man-at-Arms
11:05 Double-Bit Axe
17:40 Fletching
17:50 Horse Collar
23:17 Castle Age
21:34 Padded Archer Armor
23:59 Bodkin Arrow
23:24 Crossbowman
24:20 Bow Saw
25:08 Wheelbarrow
26:27 Leather Archer Armor
corsa144
4:13 Loom
11:12 Feudal Age
10:26 Double-Bit Axe
14:04 Bow Saw
14:42 Town Watch
24:52 Fletching
27:57 Castle Age
30:08 Scale Barding Armor
31:37 Horse Collar
Connection lost

Rejoining the realm…

Still unreachable

The connection could not be restored.

Session expired

The server has moved on; the page needs a fresh start.